 Dungeon Crawl Stone Soup version 0.31-a0-232-gb1c03b2570 (webtiles) character file.

Game seed: 507621059336951578

41 qw the Shooter (level 3, 0/29 HPs)
             Began as a Minotaur Hexslinger on July 7, 2023.
             Slain by a gnoll
             ... wielding a +0 spear
              (4 damage)
             ... on level 2 of the Dungeon.
             The game lasted 00:00:09 (147 turns).

qw the Shooter (Minotaur Hexslinger)                 Turns: 147, Time: 00:00:10

Health: 0/29       AC:  2    Str: 12    XL:     3   Next: 32%
Magic:  3/3        EV: 12    Int: 10    God:
Gold:   37         SH:  0    Dex: 14    Spells: 3/4 levels left

rFire   . . .        Y - +1 sling
rCold   . . .        (no shield)
rNeg    . . .        c - +0 robe
rPois   .            (helmet restricted)
rElec   .            (no cloak)
rCorr   .            (no gloves)
SInv    .            (no boots)
Will    .....        (no amulet)
Stlth   +            (no ring)
HPRegen 0.24/turn    (no ring)
MPRegen 0.08/turn

%: no passive effects
@: no status effects
A: horns 2, retaliatory headbutt
a: no special abilities


You were on level 2 of the Dungeon.
You visited 1 branch of the dungeon, and saw 2 of its levels.

You collected 37 gold pieces.


Innate Abilities, Weirdness & Mutations

You have a pair of horns on your head.
You reflexively headbutt those who attack you in melee.


   Skills:
 - Level 2.2 Fighting
 + Level 3.8 Ranged Weapons
 - Level 2.1 Dodging
 - Level 1.0 Spellcasting
 - Level 2.0 Hexes


You had 3 spell levels left.
You knew the following spells:

 Your Spells              Type           Power      Damage    Failure   Level
a - Slow                  Hex            16%        N/A       16%         1

Your spell library contained the following spells:

 Spells                   Type           Power      Damage    Failure   Level
 Inner Flame              Hex/Fire       2%         N/A       56%         3
 Portal Projectile        Hex/Tloc       4%         N/A       56%         3
 Cause Fear               Hex            2%         N/A       83%         4

Inventory:

Hand Weapons
 Y - a +1 sling (weapon)
Armour
 a - a +0 leather armour
 c - a +0 robe (worn)
Potions
 d - a potion of heal wounds {unknown}
 f - a potion of haste {unknown}
 g - a potion of magic {unknown}
 h - a potion of berserk rage {unknown}

Dungeon Overview and Level Annotations

Branches:
Dungeon (2/15)

Altars:

Annotations:
D:2 exclusion: gnoll


Message History

Things that are here:
a +0 spear; a gnoll corpse A gnoll comes into view.
It is wielding a +0 spear.
The gnoll shouts!
You hear a shout!
Enter note:
Enter note: You shoot a sling bullet.
The sling bullet hits the gnoll.
The gnoll is lightly wounded.
You shoot a sling bullet.
The sling bullet barely misses the gnoll.
You shoot a sling bullet.
The sling bullet hits the gnoll but does no damage.
The gnoll is lightly wounded.
You shoot a sling bullet.
The sling bullet barely misses the gnoll.
The gnoll hits you from afar with a +0 spear!
You shoot a sling bullet. The sling bullet hits the gnoll.
The gnoll is heavily wounded.
The gnoll closely misses you.
You shoot a sling bullet. The sling bullet hits the gnoll.
The gnoll is almost dead.
The gnoll hits you from afar with a +0 spear!
The gnoll completely misses you.
Enter note:
142 ||| UPGRADING to +0 leather armour.
You stop removing your armour.
The gnoll misses you.
143 ||| UPGRADING to +0 leather armour.
The gnoll barely misses you.
You start removing your armour.
You continue taking off your +0 robe.
The gnoll closely misses you.
You continue taking off your +0 robe.
The gnoll hits you from afar with a +0 spear.
You stop removing your armour.
146 ||| UPGRADING to +0 leather armour.
The gnoll hits you from afar with a +0 spear.
You stop removing your armour.
147 ||| UPGRADING to +0 leather armour.
The gnoll hits you from afar with a +0 spear.
You stop removing your armour.
You die...

#...........####....#....
........)................
....%........#...?..##..
##..........#..##.###
##..........#.###%#
..............# #.#
.............####)#
.............#....#
................@.#
................<.......
....#..gg...... ...
#....#..... ..
.....#..... ......#.....
.......# #.## ........#
.#


You could see 2 gnolls.

Vanquished Creatures
  2 gnolls (D:2)
  An adder (D:2)
  2 ball pythons (D:1)
  2 bats
  3 hobgoblins
  A kobold (D:2)
  A rat (D:1)
12 creatures vanquished.

Notes
Turn   | Place    | Note
-------+----------+-------------------------------------------
     0 | D:1      | qw the Minotaur Hexslinger began the quest for the Orb.
     0 | D:1      | Reached XP level 1. HP: 16/16 MP: 1/1
     0 | D:1      | 0 ||| qw: Version: 0.3-a-46-gb1f654a
     0 | D:1      | 0 ||| qw: Game counter: 2985
     0 | D:1      | 0 ||| qw: Melee chars always use a shield: true
     0 | D:1      | 0 ||| qw: God list: Okawaru
     0 | D:1      | 0 ||| qw: Allow faded altars: false
     0 | D:1      | 0 ||| qw: Do Orc after clearing Dungeon:15 true
     0 | D:1      | 0 ||| qw: Do second Lair branch before Depths: true
     0 | D:1      | 0 ||| qw: Lair rune preference: random
     0 | D:1      | 0 ||| qw: Goals: Normal
     0 | D:1      | 0 ||| PLANNING D:1-11
    65 | D:1      | You fall into a shaft and drop 1 floor!
    73 | D:2      | Reached skill level 3 in Ranged Weapons
    79 | D:2      | Reached XP level 2. HP: 23/23 MP: 2/2
    87 | D:2      | Reached XP level 3. HP: 29/29 MP: 3/3
   116 | D:2      | 116 ||| READING scroll labelled ZAMUUQ FOGHAY.
   117 | D:2      | 117 ||| DROPPING scroll of poison.
   142 | D:2      | 142 ||| UPGRADING to +0 leather armour.
   143 | D:2      | 143 ||| UPGRADING to +0 leather armour.
   146 | D:2      | 146 ||| UPGRADING to +0 leather armour.
   146 | D:2      | HP: 4/29 [gnoll/+0 spear (5)]
   147 | D:2      | 147 ||| UPGRADING to +0 leather armour.
   147 | D:2      | Slain by a gnoll

Levels and vault maps discovered:
D:1:      dpeg_arrival_short_road, layout_rooms
D:2:      layout_rooms, uniq_robin

Skill      XL: |  1  2 |
---------------+-------+-----
Ranged Weapons | 3 |  3.8
Fighting       | 2 |  2.2
Dodging        | |  2.1
Spellcasting   | |  1.0
Hexes          | |  2.0

Action                     || total
---------------------------++-------
   Fire: Sling             ||    42
    Use: Scroll            ||     1
 Armour: Robe              ||     4
  Dodge: Dodged            ||    10

Table legend:
 A = Non-vault XP
 B = Vault XP
 C = Vault XP percentage of total XP
 D = Non-vault monster count
 E = Vault monster count
 F = Vault count percentage of total count
                 A         B        C        D         E       F
            +---------+---------+-------+---------+---------+-------
      Total |      59 |       0 |   0.0 |      12 |       0 |   0.0
            +---------+---------+-------+---------+---------+-------
        D:1 |       9 |       0 |   0.0 |       5 |       0 |   0.0
        D:2 |      50 |       0 |   0.0 |       7 |       0 |   0.0
            +---------+---------+-------+---------+---------+-------
